[Event "*** Titled Tuesday Blitz"]
[Site "Chess.com"]
[Date "2021.04.20"]
[Round "8"]
[White "AshotParvanyan"]
[Black "Twitch_ElhamBlitz05"]
[Result "0-1"]
[WhiteElo "2522"]
[BlackElo "2729"]
[TimeControl "180+1"]
[EndTime "11:27:02 PDT"]
[Termination "Twitch_ElhamBlitz05 won by checkmate"]

1. Nf3 g6 2. e4 d5 3. exd5 Qxd5 4.
Nc3 Qd8 5. d4 Bg7 6. Bc4 Nf6 7.
O-O O-O 8. h3 c6 9. Re1 b5 10.
Bd3 b4 11. Ne4 Nd5 12. Bd2 a5 13. a3 Ba6 14. axb4 axb4 15. Nc5 Qc8 16. c4 bxc3 17. bxc3 e6 18. Ne5 Bb7 19. Rb1 Ra7 20. Qb3 Ba6 21.
Qxb8 Qxb8 22. Rxb8 Rxb8 23. Bxa6 Rb2 24. Bc1 Rb1 25. Bd3 Rba1 26. Nxc6 Rc7 27. Ne5 Nxc3 28. Bd2 Rxe1+ 29. Bxe1 Nd5 30. Nf3 Ra7 31. g3 Ra3 32.
Be4 Nc3 33. Bxc3 Rxc3 34. Kg2 e5 35. Nd7 exd4 36. Nb6 d3 37. Nd5 Ra3 38. Nb4 d2 39. Nxd2 Ra4 40. Nd5 Rd4 41. Nf3 Rxe4 42. Ne3 Ra4 43.
Nd5 Ra2 44. g4 Bf8 45. Nf6+ Kg7 46. Ne4 Be7 47. Kg3 h6 48. h4 f5 49. gxf5 gxf5 50.
Ned2 Bd6+ 51. Kg2 Bf4 52. Nc4 Kf6 53. Nb6 Kf7 54. Nd5 Bc1 55. Kg3 Ke6 56. Nf4+ Bxf4+ 57. Kxf4 Rxf2 58. Kg3 Rxf3+ 59. Kxf3 Ke5 60. h5 f4 61. Kf2 Kf5 62. Kf3 Kg5 63. Ke4 Kg4 64. Ke5 f3 65.
Kf6 f2 66. Kg6 f1=Q 67. Kxh6 Qf6+ 68. Kh7 Kg5 69. h6 Qe7+ 70. Kg8 Kg6 71. h7 Qe8# 0-1

[Event "*** Titled Tuesday Blitz"]
[Site "Chess.com"]
[Date "2021.04.20"]
[Round "8"]
[White "politeplayer"]
[Black "UnknownxArmy"]
[Result "1-0"]
[WhiteElo "2266"]
[BlackElo "2464"]
[TimeControl "180+1"]
[EndTime "11:27:02 PDT"]
[Termination "politeplayer won by checkmate"]

1. e4 e5 2. f4 exf4 3. Nf3 g5 4. Nc3 Nc6 5. d4 d6 6. g3 Bg7 7. Bc4 g4 8. Bxf4 gxf3 9. Qxf3 Nxd4 10. Qh5 Be6 11.
Bxe6 Nxe6 12. Qb5+ Kf8 13. O-O Ne7 14. Qxb7 Rb8 15. Qa6 Rxb2 16. e5 dxe5 17. Be3 Kg8 18. Rad1 Qc8 19. Qa3 Rxc2 20. Qxe7 Qf8 21. Nd5 Qxe7 22.
Nxe7+ Kf8 23. Nf5 Ke8 24. Rb1 Kd7 25. Rfd1+ Nd4 26. Bxd4 exd4 27. Nxg7 Ke7 28. Nf5+ Kf6 29. Nxd4 Rxa2 30. Rf1+ Kg7 31. Nf5+ Kg6 32. Rbc1 Re8 33. Rc6+ Kg5 34. h4+ Kg4 35. Rc3 Kh3 36. g4+ Kxg4 37. Rg3+ Kh5 38. Rg5# 1-0

[Event "*** Titled Tuesday Blitz"]
[Site "Chess.com"]
[Date "2021.04.20"]
[Round "8"]
[White "Nf3c5"]
[Black "muchojogo"]
[Result "1-0"]
[WhiteElo "2628"]
[BlackElo "2458"]
[TimeControl "180+1"]
[EndTime "11:27:03 PDT"]
[Termination "Nf3c5 won by checkmate"]

1. d4 Nf6 2. Bf4 c5 3. d5 g6 4. Nc3 Bg7 5. e4 d6 6. Bb5+ Bd7 7. a4 O-O 8. h3 a6 9. Be2 b6 10. Nf3 Bc8 11. O-O Nbd7 12. Re1 Bb7 13. Qd2 Qc8 14.
Rad1 Nh5 15. Bg5 Re8 16. Bf1 Ne5 17. Nh2 Qd8 18. f4 h6 19. Bh4 Nxf4 20. Qxf4 g5 21. Bxg5 Ng6 22. Qc1 hxg5 23. Qxg5 e6 24. Qh5 Bd4+ 25.
Kh1 Qf6 26. Ng4 Qg7 27. Bc4 Bxc3 28. bxc3 Qxc3 29. Rf1 Qxc4 30. Nh6+ Kh8 31. Rxf7 Nf4 32. Qg5 Qc3 33. Qxf4 Rab8 34. Rf1 Qe5 35. Qg4 exd5 36. Qg6 Qxe4 37. Qg7# 1-0

[Event "*** Titled Tuesday Blitz"]
[Site "Chess.com"]
[Date "2021.04.20"]
[Round "8"]
[White "AlexPapasimakopoulos"]
[Black "JoseRemolar"]
[Result "1-0"]
[WhiteElo "2607"]
[BlackElo "2431"]
[TimeControl "180+1"]
[EndTime "11:27:03 PDT"]
[Termination "AlexPapasimakopoulos won on time"]

1. d4 Nf6 2. c4 g6 3. Nc3 d6 4. e4 Bg7 5. f3 O-O 6. Nge2 c5 7.
d5 e6 8. Ng3 h5 9. Bg5 Qb6 10.
Qd2 exd5 11. cxd5 Nbd7 12. Be2 Nh7 13. Bh4 g5 14. Bxg5 Nxg5 15. Qxg5 Qxb2 16. Rc1 Nf6 17. O-O Nh7 18. Qxh5 Bxc3 19. f4 Bg7 20. Kh1 Qf6 21. Bd3 Qh6 22. Qe2 Bd7 23. e5 Rae8 24. Bf5 Bxf5 25.
Nxf5 Qg6 26. Nxg7 Qxg7 27. Rc3 Kh8 28. Rg3 Qh6 29. Rh3 Qg7 30. Rg3 Qh6 31. Qb2 dxe5 32. fxe5 f6 33. e6 b6 34. a4 Re7 35. Qe2 Ng5 36.
d6 Rxe6 37. Qd3 Rd8 38. d7 Qg7 39. h4 1-0

[Event "*** Titled Tuesday Blitz"]
[Site "Chess.com"]
[Date "2021.04.20"]
[Round "8"]
[White "Rsnr"]
[Black "TST2014"]
[Result "1/2-1/2"]
[WhiteElo "2779"]
[BlackElo "2661"]
[TimeControl "180+1"]
[EndTime "11:27:04 PDT"]
[Termination "Game drawn by repetition"]

1. d4 Nf6 2. c4 c5 3. d5 b5 4. Qc2 g6 5. e4 d6 6. Nf3 Bg7 7. cxb5 a6 8. Nc3 O-O 9. a4 Nbd7 10. Be2 axb5 11. Bxb5 Ne8 12. O-O Nc7 13. Be2 Ba6 14.
Bf4 Qb8 15. Rfe1 Qb4 16. Bd2 Bxe2 17. Rxe2 Rfb8 18. Rb1 Qb3 19. Be1 Bxc3 20. Bxc3 Qxc2 21. Rxc2 Rxa4 22. Nd2 Nb5 23. f3 Nxc3 24. Rxc3 Rab4 25. b3 Nb6 26. Ra1 Rd4 27. Rc2 Ra8 28. Rxa8+ Nxa8 29. Kf2 f5 30. Ke3 Nb6 31. Ra2 Kf7 32. Ra6 Nd7 33.
Ra7 Ne5 34. Ke2 f4 35. Rb7 g5 36. h3 h5 37. Ra7 Rd3 38. Nc4 Rxb3 39. Nxd6+ Kf6 40.
Nf5 Rb2+ 41. Kf1 Nc4 42. Rxe7 Ne3+ 43. Kg1 Rb1+ 44. Kf2 Rb2+ 45. Kg1 Rb1+ 46. Kf2 Rb2+ 47. Kg1 1/2-1/2

[Event "*** Titled Tuesday Blitz"]
[Site "Chess.com"]
[Date "2021.04.20"]
[Round "8"]
[White "Loy_Konstantin"]
[Black "kleopl"]
[Result "0-1"]
[WhiteElo "2385"]
[BlackElo "2503"]
[TimeControl "180+1"]
[EndTime "11:27:04 PDT"]
[Termination "kleopl won on time"]

1. e4 c6 2. d4 d5 3. exd5 cxd5 4. c4 Nf6 5. Nc3 g6 6. cxd5 Nxd5 7. Bc4 Nxc3 8. Qb3 e6 9. bxc3 Bg7 10. Ba3 Nc6 11. Nf3 Na5 12. Bb5+ Bd7 13. Qa4 Nc6 14. O-O a6 15.
Bxc6 Bxc6 16. Qd1 Bf8 17. Bxf8 Kxf8 18. Ne5 Qd5 19. Nxc6 Qxc6 20. Rb1 b5 21. Qd3 Kg7 22. Rfc1 Rhc8 23. h3 Qc4 24. Qd2 Rc7 25. Rb4 Qd5 26. a4 Rc4 27. axb5 axb5 28. Rxc4 Qxc4 29. Rb1 Rc8 30. Qb2 Qxc3 31. Qxc3 Rxc3 32. Rxb5 Rd3 33. Rb4 Rd2 34. g3 g5 35. Kg2 Kf6 36. Kf3 h5 37. Ke3 Ra2 38. Kf3 Ra3+ 39. Kg2 Rd3 40. Kf1 h4 41.
gxh4 gxh4 42. Kg2 Kg5 43. Rb5+ f5 44. Rb4 Kf6 45. d5 Rxd5 46. Rxh4 Kg5 47. Rh8 e5 48. Re8 Kf4 49. h4 Kg4 50. Rh8 Rd2 51. h5 e4 52.
Kf1 Kf3 53. Ke1 Re2+ 0-1

[Event "*** Titled Tuesday Blitz"]
[Site "Chess.com"]
[Date "2021.04.20"]
[Round "8"]
[White "jannat65"]
[Black "Ze-Pequeno"]
[Result "0-1"]
[WhiteElo "2026"]
[BlackElo "2246"]
[TimeControl "180+1"]
[EndTime "11:27:04 PDT"]
[Termination "Ze-Pequeno won by resignation"]

1. e4 Nf6 2. Nc3 e5 3. Nf3 Nc6 4. d4 exd4 5. Nxd4 Nxe4 6. Nxe4 Qe7 7. Nxc6 Qxe4+ 8. Be2 dxc6 9. O-O Be6 10. Re1 Bd6 11.
Bg4 Qg6 12. Qe2 Kd7 13. Bxe6+ Qxe6 14. Be3 Rhe8 15. c4 c5 16. Rad1 Rad8 17. Qc2 Kc8 18.
a3 Qg6 19. Qxg6 hxg6 20. Rd5 Re4 21. Red1 Rxc4 22. b3 Rc3 23. b4 cxb4 24. axb4 b6 25. Bd4 Bxh2+ 26. Kxh2 Rxd5 27. Bxc3 Rxd1 28. Bxg7 Rd2 29.
Kg3 a5 30. bxa5 bxa5 31. f4 a4 32. Kf3 a3 33. g4 a2 34. Ke4 Rd1 35. f5 Kd7 36.
Ba1 Rxa1 37. fxg6 fxg6 38. Kf4 Ke6 39. Kg5 Kf7 40. Kh6 Rh1+ 41. Kg5 a1=Q 42. Kf4 c5 43. g5 Rh4+ 44. Kg3 Rd4 45. Kf3 c4 46. Ke3 Ke6 47. Ke2 Kf5 48. Ke3 Kxg5 49. Kf3 Kf5 50. Ke3 g5 51. Kf3 g4+ 52. Ke3 Qc3+ 53. Kf2 Rd2+ 0-1

[Event "*** Titled Tuesday Blitz"]
[Site "Chess.com"]
[Date "2021.04.20"]
[Round "8"]
[White "grzechu96"]
[Black "gmpeter008"]
[Result "1-0"]
[WhiteElo "2688"]
[BlackElo "2489"]
[TimeControl "180+1"]
[EndTime "11:27:05 PDT"]
[Termination "grzechu96 won by resignation"]

1. e4 d5 2. exd5 Qxd5 3. Nc3 Qd8 4. Nf3 g6 5. Bc4 Bg7 6. O-O Nf6 7. Ne5 O-O 8. d4 a6 9. a4 Nbd7 10. Qe2 Nb6 11.
Bb3 Nbd5 12. Na2 Bf5 13. c4 Nb6 14. a5 Nbd7 15. Nc3 Nxe5 16. dxe5 Nd7 17. Bf4 Nc5 18.
Rad1 Nxb3 19. Rxd8 Raxd8 20. Nd5 e6 21. Ne7+ Kh8 22.
Nxf5 exf5 23. e6 Nd4 24. Qe3 Nxe6 25. Be5 Nd4 26. Bxg7+ Kxg7 27. Qe5+ Kg8 28. Qxc7 Rb8 29. Rd1 Rfd8 30. Kf1 Rdc8 31. Qb6 Nc6 32. Rd7 Ne5 33. Rxb7 Ra8 34. b3 Rd8 35. Re7 Rd2 36. Rxe5 Rad8 37. Re1 Rb2 38. Qxd8+ 1-0

[Event "*** Titled Tuesday Blitz"]
[Site "Chess.com"]
[Date "2021.04.20"]
[Round "8"]
[White "Durarbayli"]
[Black "TheRealPeakyBlinder"]
[Result "0-1"]
[WhiteElo "2744"]
[BlackElo "2658"]
[TimeControl "180+1"]
[EndTime "11:27:06 PDT"]
[Termination "TheRealPeakyBlinder won on time"]

1. e4 c5 2. Nf3 d6 3. d4 cxd4 4. Nxd4 Nf6 5. Nc3 g6 6. Be3 a6 7.
Bc4 Ng4 8. Bg5 Bg7 9. Nd5 Nc6 10. c3 h6 11. Bh4 g5 12. Bg3 Nxd4 13. cxd4 e6 14.
Nc3 Qb6 15. Qxg4 Qxb2 16. O-O Qxc3 17. Rac1 Qa3 18. e5 d5 19. Bb3 Bd7 20. Rc7 Rc8 21. Rxb7 Bb5 22. Bxd5 O-O 23. Bxe6 Rc1 24. Rxb5 Rxf1+ 25. Kxf1 Qc1+ 26. Ke2 axb5 27. Bb3 Qb2+ 28. Ke3 Qc1+ 29.
Ke2 Qb2+ 30. Kd3 Qb1+ 31. Ke3 Qc1+ 32. Ke4 Qe1+ 33. Kd5 Rd8+ 34. Kc6 Qc3+ 35. Kb7 Qxd4 36. Qf5 Rd7+ 37. Kc8 Re7 0-1

[Event "*** Titled Tuesday Blitz"]
[Site "Chess.com"]
[Date "2021.04.20"]
[Round "8"]
[White "GoltsevDmitry2000"]
[Black "Mr_Sinigami"]
[Result "0-1"]
[WhiteElo "2729"]
[BlackElo "2628"]
[TimeControl "180+1"]
[EndTime "11:27:06 PDT"]
[Termination "Mr_Sinigami won by checkmate"]

1. e4 d5 2. exd5 Nf6 3. Nf3 Nxd5 4. d4 g6 5. c4 Nb6 6. Nc3 Bg7 7. Be3 O-O 8. h3 Nc6 9. Be2 e5 10. d5 Ne7 11.
O-O Nf5 12. Bc5 Re8 13. Ba3 e4 14. Nh2 e3 15. c5 Bxc3 16. bxc3 Nxd5 17. Bb2 Nf4 18.
fxe3 Qxd1 19. Bxd1 Nd3 20. Bc1 Nxe3 21. Bxe3 Rxe3 22.
c6 bxc6 23. Bb3 Be6 24. Rad1 Bxb3 25. axb3 Ne5 26. Ng4 Nxg4 27. hxg4 Rxc3 28. Rd7 Rf8 29. Rxc7 a5 30. Ra1 Rxb3 31. Rxa5 Rc3 32. Kh2 Kg7 33.
Raa7 c5 34. Rc6 h6 35. g3 Rc2+ 36. Kh3 Re8 37. Rcc7 Rf2 38. g5 h5 39. g4 Re3+ 40. Kh4 Rh2# 0-1

[Event "*** Titled Tuesday Blitz"]
[Site "Chess.com"]
[Date "2021.04.20"]
[Round "8"]
[White "Nayemhaque22"]
[Black "Iskusnyh"]
[Result "1-0"]
[WhiteElo "2463"]
[BlackElo "2602"]
[TimeControl "180+1"]
[EndTime "11:27:06 PDT"]
[Termination "Nayemhaque22 won by checkmate"]

1. d4 d5 2. Bg5 f6 3. Bf4 Bf5 4. e3 e6 5. c4 Bd6 6. Ne2 Ne7 7. Nbc3 O-O 8. Qb3 dxc4 9. Qxc4 Nd7 10. e4 Nb6 11.
Qb3 Bg6 12. Qxe6+ Bf7 13. Qg4 Bxf4 14. Qxf4 Re8 15. Rd1 Ng6 16. Qd2 c6 17. g3 Nc4 18.
Qc2 Qb6 19. b3 Nd6 20. Bg2 Rad8 21. O-O Nb5 22. Nxb5 Qxb5 23. h4 h6 24. Nc3 Qb4 25. d5 Ne5 26. f4 Ng4 27. Rd3 Qb6+ 28. Kh1 Ne3 29. Qf2 Nxf1 30. Qxf1 cxd5 31. exd5 Re3 32. Na4 Qa6 33. Rxe3 Qxf1+ 34. Bxf1 Bxd5+ 35. Bg2 Bxg2+ 36. Kxg2 Rd2+ 37. Kh3 Rxa2 38. Re7 b5 39. Nc5 Rc2 40. Ne6 Rc3 41. Rxa7 Kh8 42. Ra8+ Kh7 43. h5 Rxb3 44. f5 Re3 45. Nf8+ Kg8 46. Ng6+ Kf7 47.
Rf8# 1-0

[Event "*** Titled Tuesday Blitz"]
[Site "Chess.com"]
[Date "2021.04.20"]
[Round "8"]
[White "artichaud"]
[Black "InitiatingASC"]
[Result "0-1"]
[WhiteElo "2229"]
[BlackElo "2419"]
[TimeControl "180+1"]
[EndTime "11:27:06 PDT"]
[Termination "InitiatingASC won on time"]

1. e4 c5 2. Nc3 g6 3. d3 Bg7 4. g4 h5 5. g5 Nc6 6. f4 Nd4 7. Nce2 d5 8. c3 Nxe2 9. Qxe2 Bg4 10. Qc2 e5 11. h3 Be6 12. Nf3 exf4 13. Bxf4 Ne7 14. Bg2 dxe4 15. dxe4 O-O 16. O-O Qb6 17.
Rad1 Bxa2 18. Rd7 Nc6 19. Bd6 Rfd8 20. Rxd8+ Rxd8 21. e5 Be6 22. Qf2 Na5 23. Bxc5 Qb5 24. Bxa7 Nc4 25. b4 Nxe5 26. Nd4 Qa6 27. Nxe6 Qxe6 28. Bd4 Nd3 29. Qe3 Qxe3+ 30. Bxe3 Bxc3 31. Bxb7 Nxb4 32. Bg2 Bd4 33. Bxd4 Rxd4 34. Kh2 Kg7 35. Rb1 Nd5 36. Rb7 Nf4 0-1

[Event "*** Titled Tuesday Blitz"]
[Site "Chess.com"]
[Date "2021.04.20"]
[Round "8"]
[White "FMJoseHerrera"]
[Black "Blitzking642"]
[Result "0-1"]
[WhiteElo "2615"]
[BlackElo "2478"]
[TimeControl "180+1"]
[EndTime "11:27:08 PDT"]
[Termination "Blitzking642 won by resignation"]

1. Nf3 c5 2. g3 g6 3. Bg2 Bg7 4. d3 Nc6 5. Nc3 d5 6. h4 h6 7. O-O e5 8. e4 d4 9. Ne2 Nge7 10. c3 O-O 11. cxd4 cxd4 12. Bd2 Be6 13. b4 Rc8 14. a4 f5 15. b5 Na5 16. Rc1 Rxc1 17. Bxc1 fxe4 18.
dxe4 d3 19. Nc3 Bg4 20. Ba3 Rf7 21. Bb4 Nc4 22. Qb3 Be6 23. Bxe7 Qxe7 24. Nd5 Bxd5 25.
exd5 Nd6 26. Nd2 e4 27. Re1 Qf6 28. Rf1 Qd4 29. Qa3 Bf8 30. Qc1 e3 31. Nf3 exf2+ 32. Rxf2 Qb6 33. a5 Qxa5 34. Qe3 Qb6 35. Qxd3 Nf5 36. Ne5 Bc5 37. Nxf7 Bxf2+ 38. Kh2 Kxf7 39. h5 Bxg3+ 40. Kh3 Qf6 41. hxg6+ Kg7 42. Qe4 Qh4+ 43. Qxh4 Bxh4 44. Kg4 Kf6 45. Be4 Nd6 46. Bd3 Bg5 47.
Kf3 Ne8 48. Ke4 h5 49. Kd4 h4 50. Kc5 Be3+ 51. Kc4 Nd6+ 52. Kc3 h3 53. Bf1 h2 54.
Bg2 Kxg6 55. Kb4 b6 56. Kc3 Bc5 57. Kd3 Kf6 0-1

[Event "*** Titled Tuesday Blitz"]
[Site "Chess.com"]
[Date "2021.04.20"]
[Round "8"]
[White "Mikhail_Golubev"]
[Black "crazy_but_lazy"]
[Result "0-1"]
[WhiteElo "2564"]
[BlackElo "2442"]
[TimeControl "180+1"]
[EndTime "11:27:09 PDT"]
[Termination "crazy_but_lazy won by resignation"]

1. e4 c6 2. d4 d5 3. Nc3 dxe4 4. Nxe4 Nf6 5. Ng3 h5 6. h4 Bg4 7. Be2 e6 8. Nf3 Nbd7 9. Bf4 Qb6 10. O-O Nd5 11. Bc1 Qc7 12. c4 Nf4 13. Bxf4 Qxf4 14. d5 cxd5 15. cxd5 Bc5 16. dxe6 Bxe6 17. Rc1 Bb6 18.
Ng5 Qxg3 19. Bd3 Qg4 20. Bb5 Qxd1 21. Rfxd1 Rd8 22. Nxe6 fxe6 23. Rxd7 Rxd7 24. Rd1 Bxf2+ 25. Kh1 O-O 26. Bxd7 Bxh4 27. Bxe6+ Kh7 28. Kh2 Rf6 29. Bd5 b6 30. Be4+ Kh6 31. Bf3 Bg5 32. Rd7 Bf4+ 33. Kh3 g5 34. Rd8 g4+ 35. Bxg4 hxg4+ 36. Kxg4 Be5 37. g3 Rf7 38. Kh4 Bf6+ 39. Kh3 Bxd8 0-1

[Event "*** Titled Tuesday Blitz"]
[Site "Chess.com"]
[Date "2021.04.20"]
[Round "8"]
[White "Zmof"]
[Black "rynos0411"]
[Result "1/2-1/2"]
[WhiteElo "2252"]
[BlackElo "2436"]
[TimeControl "180+1"]
[EndTime "11:27:09 PDT"]
[Termination "Game drawn - insufficient material"]

1. e4 c6 2. d4 d5 3. Nc3 dxe4 4.
Nxe4 g6 5. Nf3 Bg7 6. c3 Nf6 7. Nxf6+ exf6 8. Bd3 O-O 9. O-O Nd7 10. h3 Re8 11. Bf4 Nf8 12. Qd2 Be6 13. Rfe1 Qd7 14. Bh6 Rad8 15. Bxg7 Kxg7 16. Qc2 Bd5 17. Be4 Ne6 18.
Bxd5 Qxd5 19. Rad1 b5 20. a3 Nf4 21. Rxe8 Rxe8 22. Re1 Re6 23. Rxe6 fxe6 24. Kh2 g5 25. Ne1 e5 26. g3 Ng6 27. dxe5 Nxe5 28. Qe2 a5 29. f4 gxf4 30. gxf4 Ng6 31. Ng2 Kf7 32. Qg4 h5 33. Qc8 Qd6 34. Qf5 Qd2 35. Qxh5 Kg7 36. Qg4 f5 37. Qf3 Qxb2 38. Qxc6 Qxa3 39. Qxb5 Qxc3 40. Qxf5 Qc7 41. Qe4 Qd7 42. f5 Ne7 43. Qe5+ Kf7 44. Ne3 Qd2+ 45. Kg3 Qxe3+ 46. Qxe3 Nxf5+ 47. Kf4 Nxe3 48. Kxe3 a4 49. Kd3 a3 50. Kc3 a2 51.
Kb2 Kg6 52. Ka1 Kh5 53. Kxa2 Kh4 54. Ka1 Kxh3 1/2-1/2

[Event "*** Titled Tuesday Blitz"]
[Site "Chess.com"]
[Date "2021.04.20"]
[Round "8"]
[White "martinique24"]
[Black "Chernobay_Artem"]
[Result "0-1"]
[WhiteElo "2483"]
[BlackElo "2631"]
[TimeControl "180+1"]
[EndTime "11:27:12 PDT"]
[Termination "Chernobay_Artem won on time"]

1. e4 e6 2. d4 d5 3. Nc3 Nf6 4. e5 Nfd7 5. f4 c5 6. Nf3 Nc6 7. Be3 cxd4 8. Nxd4 Qb6 9. Qd2 Qxb2 10. Rb1 Qa3 11. Bb5 Nxd4 12. Bxd4 a6 13. Bxd7+ Bxd7 14. Rb3 Qe7 15. Rxb7 Rc8 16. O-O Qa3 17. f5 Bc5 18. fxe6 Bxe6 19. Ne2 O-O 20. Bxc5 Qxc5+ 21. Nd4 Rc7 22. Rb3 Qe7 23. Rg3 Kh8 24. h3 Rfc8 25. Kh2 h6 26. Rf4 Bd7 27. Rf6 Qf8 28. Rxa6 Re8 29.
Qf4 Rc4 30. c3 Kh7 31. Rd6 Be6 32. h4 Qe7 33. h5 Rec8 34. Qd2 Qh4+ 35. Rh3 Bxh3 36.
gxh3 Qe4 37. e6 Qe5+ 38. Kg2 Qxd6 39. exf7 Rf8 0-1

[Event "*** Titled Tuesday Blitz"]
[Site "Chess.com"]
[Date "2021.04.20"]
[Round "8"]
[White "Serly25"]
[Black "Kapibara_Warri0r"]
[Result "0-1"]
[WhiteElo "1947"]
[BlackElo "2196"]
[TimeControl "180+1"]
[EndTime "11:27:12 PDT"]
[Termination "Kapibara_Warri0r won by resignation"]

1. d4 Nf6 2. c4 g6 3. Nc3 Bg7 4. e4 d6 5. f3 O-O 6. Be3 Nc6 7. Qd2 a6 8. Bd3 e5 9. d5 Nd4 10. Nge2 Nxe2 11. Bxe2 Ne8 12. g4 Qh4+ 13. Bf2 Qh3 14. O-O-O f5 15. gxf5 gxf5 16. Be3 Nf6 17. Rdg1 Kh8 18.
Rg3 Qh5 19. f4 Qh4 20. fxe5 dxe5 21. Bg5 Nxe4 22. Bxh4 Nxd2 23. Kxd2 f4 24. Rgg1 Bf5 25. Bd3 e4 26. Nxe4 Rae8 27. Re1 Bxb2 28. Ng5 Rxe1 29. Rxe1 Ba3 30. Bxf5 Bb4+ 31. Kd1 Bxe1 32. Kxe1 Rxf5 33. Ne6 c6 34. Kf2 cxd5 35. cxd5 Rxd5 36. Bf6+ Kg8 37. Kf3 Rd6 38. Nxf4 Rxf6 39. Ke4 b5 40. Nd5 Rh6 41. Nc7 Rxh2 42. Nxa6 Rxa2 43. Nb4 Ra4 44. Kd5 Rxb4 0-1

[Event "*** Titled Tuesday Blitz"]
[Site "Chess.com"]
[Date "2021.04.20"]
[Round "8"]
[White "bricolageur"]
[Black "elextranjero00"]
[Result "1/2-1/2"]
[WhiteElo "2381"]
[BlackElo "2568"]
[TimeControl "180+1"]
[EndTime "11:27:14 PDT"]
[Termination "Game drawn by repetition"]

1. e4 e6 2. d4 d5 3. Nc3 Nf6 4. e5 Nfd7 5. Nce2 c5 6. c3 Nc6 7. f4 cxd4 8. cxd4 f5 9. Nf3 Be7 10. Be3 Nb6 11. Nc3 O-O 12. Bd3 Bd7 13. O-O Be8 14.
Nd2 Rc8 15. Rc1 Nb4 16. Be2 Nc4 17. Nxc4 dxc4 18. a3 Nd5 19. Nxd5 exd5 20. g4 Bg6 21. g5 b5 22. h4 Bf7 23. h5 Be6 24. Bf3 a5 25.
Rf2 Qd7 26. Qf1 b4 27. axb4 axb4 28. Ra1 Ra8 29. Rc2 Rxa1 30. Qxa1 b3 31. Rc1 Bd8 32.
Qa6 Bc7 33. Bd2 Rb8 34. Ra1 Bb6 35. Bc3 Qc6 36. Kf2 Qc7 37. Ke3 Kh8 38. Qa4 Bd7 39.
Qa3 Bc6 40. Qa6 Kg8 41. Qa3 Qb7 42. Qa6 Qc7 43. Qa3 Qb7 44. Qa6 Qc7 1/2-1/2

[Event "*** Titled Tuesday Blitz"]
[Site "Chess.com"]
[Date "2021.04.20"]
[Round "8"]
[White "Kostukov_Alex"]
[Black "CURRUTACO59"]
[Result "1-0"]
[WhiteElo "2328"]
[BlackElo "2173"]
[TimeControl "180+1"]
[EndTime "11:27:15 PDT"]
[Termination "Kostukov_Alex won by checkmate"]

1. e4 e5 2. Nf3 Nf6 3. Nxe5 d6 4. Nxf7 Kxf7 5. Nc3 Bg4 6. f3 Be6 7. d4 Be7 8. Bd3 Re8 9. O-O Kg8 10. f4 Bg4 11. Qe1 Nc6 12. e5 Nxd4 13. exf6 Bxf6 14. Qg3 Ne2+ 15. Nxe2 Bxe2 16. Bxe2 Rxe2 17. f5 d5 18. Bf4 c6 19. Rae1 Qb6+ 20. Kh1 Rae8 21. Rxe2 Rxe2 22. Bd6 Qxb2 23. Bc5 Qe5 24. Qb3 b6 25. Bg1 h6 26.
Qa3 Qe7 27. Qa6 Kh7 28. Qc8 Re4 29. Rf3 c5 30. Qc6 d4 31. Rg3 Re1 32. h3 Bg5 33.
Qf3 Bf6 34. Rg4 Bg5 35. f6 gxf6 36. Qd3+ Kh8 37. Qf5 Be3 38. Qg6 Rxg1+ 39. Kh2 Qe5+ 40. Rg3 Bf4 41. Qg7# 1-0

[Event "*** Titled Tuesday Blitz"]
[Site "Chess.com"]
[Date "2021.04.20"]
[Round "8"]
[White "kubal123"]
[Black "BanjoKazooieN64"]
[Result "1/2-1/2"]
[WhiteElo "2251"]
[BlackElo "2434"]
[TimeControl "180+1"]
[EndTime "11:27:16 PDT"]
[Termination "Game drawn by 50-move rule"]

1. e4 e6 2. d4 d5 3. Nc3 Bb4 4. e5 c5 5. a3 Bxc3+ 6. bxc3 Ne7 7.
Qg4 Qc7 8. Qxg7 Rg8 9. Qxh7 cxd4 10. Ne2 Nbc6 11. f4 dxc3 12. h4 Bd7 13. h5 O-O-O 14. Qd3 d4 15. h6 Rg6 16. h7 Rh8 17. Nxd4 Nxd4 18. Qxd4 Nf5 19. Qxa7 Ng3 20. Qa8+ Qb8 21. Qxb8+ Kxb8 22. Rh2 Nxf1 23. Kxf1 Rg7 24. Kf2 Rhxh7 25. Rxh7 Rxh7 26. Be3 Bc6 27. Bd4 Rg7 28. Rg1 Be4 29.
Bxc3 Bxc2 30. g4 Rh7 31. Kg3 Be4 32. Bb4 Rh1 33. Rxh1 Bxh1 34. f5 exf5 35. gxf5 Bd5 36. Kf4 Kc8 37. Kg5 Kd7 38. Kf6 Ke8 39. Bc5 Bb3 40. Bb4 Ba2 41. a4 Bb3 42. a5 Bc4 43.
Bd6 Bb3 44. Ba3 Ba2 45. Bc5 Bb3 46. Kg7 Ba2 47. Kf6 Bb3 48. e6 fxe6 49. fxe6 Ba2 50. Ke5 Bb3 51. Kd6 Ba2 52. e7 Bb3 53. Kc7 Bd5 54.
Kd6 Bh1 55. Kc7 Bg2 56. Kb6 Bh1 57. Ka7 Bg2 58. Kb8 Bh1 59. Kc7 Bg2 60. Kd6 Bh1 61. Ke5 Bg2 62. Kf4 Bh1 63. Kg3 Bc6 64. Kf4 Bd5 65. Ke5 Bh1 66. Kf4 Bg2 67. Ke3 Bh1 68. Kd4 Bg2 69. Kc3 Bh1 70. Kb4 Bg2 71. Kb3 Bh1 72. Ka4 Bg2 73. Kb5 Bh1 74. Kc4 Bg2 75. Kd4 Bh1 76. Kc3 Bg2 77. Kc2 Bh1 78. Kc1 Bg2 79. Kb1 Bh1 80. Ka1 Bg2 81. Kb2 Bh1 82.
Kb3 Bg2 83. Kb4 Bh1 84. Kb5 Bg2 85. a6 bxa6+ 86. Kxa6 Bh1 87. Kb6 Bg2 88. Kb5 Bh1 89.
Kb4 Bg2 90. Kc3 Bh1 91. Kd4 Bg2 92. Ke5 Bh1 93. Kf4 Bg2 94. Kg3 Ba8 95. Kf2 Bb7 96. Ke3 Ba8 97. Kd2 Bb7 98. Kc3 Ba8 99. Kd4 Bb7 100.
Ke5 Ba8 101. Kd4 Bb7 102. Kc3 Ba8 103. Kb2 Bb7 104. Ka1 Ba8 105. Ka2 Bb7 106. Ka3 Ba8 107. Ka4 Bb7 108. Kb4 Ba8 109. Kb5 Bb7 110. Ka5 Bh1 111. Kb4 Bg2 112. Kc3 Bh1 113. Kd2 Bg2 114. Ke3 Bh1 115. Kf4 Bg2 116. Kg5 Bh1 117. Kf5 Bg2 118. Kf6 Bh1 119. Kg6 Bg2 120. Kg5 Bf1 121. Kh5 Ba6 122. Kh6 Bb5 123. Kg6 Ba6 124. Kg5 Bb5 125. Kf5 Ba6 126. Kf6 Bb5 127. Kg6 Ba6 128. Kg5 Bb5 129. Kf4 Ba6 130. Bb6 Bb5 131. Bd8 Ba6 132. Ke5 Bb5 133. Kd6 Ba6 134. Bc7 Bf1 135. Bd8 Bg2 136. Kc5 1/2-1/2

[Event "*** Titled Tuesday Blitz"]
[Site "Chess.com"]
[Date "2021.04.20"]
[Round "8"]
[White "poneis_malditos"]
[Black "Taktikmonster"]
[Result "0-1"]
[WhiteElo "2262"]
[BlackElo "2414"]
[TimeControl "180+1"]
[EndTime "11:27:16 PDT"]
[Termination "Taktikmonster won by resignation"]

1. e4 c5 2. Nc3 Nc6 3. g3 g6 4. Bg2 Bg7 5. d3 e6 6. Be3 b6 7. Qd2 Nge7 8. Bh6 Bxh6 9. Qxh6 Ng8 10. Qg7 Qf6 11. Qxf6 Nxf6 12. e5 Ng4 13. Nb5 Ke7 14. f4 Ne3 15. Kf2 Nxc2 16. Rc1 N2b4 17. Ke3 Nxa2 18.
Ra1 Nab4 19. Ne2 Nc2+ 20. Kd2 Nxa1 21. Rxa1 Bb7 22. Nd6 Rhb8 23. Nc3 Na5 24. Rxa5 Bxg2 25. Ra1 Bd5 26. Ncb5 h5 27. Nc7 f6 28. Nxa8 Rxa8 29.
Rxa7 Rxa7 30. Nc8+ Kd8 31. Nxa7 fxe5 32. fxe5 Bc6 33.
Nxc6+ dxc6 34. Ke3 Ke7 35. Kf4 Kf7 36. Kg5 Kg7 37.
h4 b5 38. Kf4 Kh6 39. Ke4 g5 40. Kf3 Kg6 41. Ke4 c4 42. dxc4 bxc4 43. Kd4 gxh4 44. gxh4 Kf5 45. Kxc4 Kxe5 46. Kc5 Kf5 47. Kxc6 e5 48. b4 e4 49. b5 e3 50. b6 e2 51. b7 e1=Q 52. b8=Q Qe4+ 53. Kc5 Qxh4 54. Qf8+ Kg4 55. Qc8+ Kg3 56. Qc7+ Qf4 57. Qg7+ Kf3 58. Qc3+ Qe3+ 59. Qxe3+ Kxe3 0-1

[Event "*** Titled Tuesday Blitz"]
[Site "Chess.com"]
[Date "2021.04.20"]
[Round "8"]
[White "MerryPoppies"]
[Black "GMJustin"]
[Result "0-1"]
[WhiteElo "2130"]
[BlackElo "2302"]
[TimeControl "180+1"]
[EndTime "11:27:16 PDT"]
[Termination "GMJustin won by resignation"]

1. d4 Nf6 2. c4 c5 3. e3 cxd4 4. exd4 d5 5. Nf3 e6 6. Nc3 Bb4 7. Qc2 O-O 8. Bg5 h6 9. Bh4 Nc6 10. c5 g5 11. Bg3 g4 12. O-O-O gxf3 13. gxf3 Nh5 14. Bd6 Kh8 15. Rg1 Rg8 16. Bd3 Rxg1 17. Rxg1 Qf6 18. Bh7 Bd7 19. Bd3 Nxd4 20. Qd1 Nxf3 21.
Rg4 Bxc3 22. bxc3 Qxc3+ 23. Bc2 Rg8 24. Rxg8+ Kxg8 25. Qe2 Nd4 26. Qg4+ Ng7 27. Qd1 Qxc2+ 28. Qxc2 Nxc2 29. Kxc2 e5 30. Kd3 Nf5 31. Bxe5 Bc6 32. f4 Kh7 33. Bb8 Kg6 34. Bxa7 Nh4 35. Bb8 Kf5 36.
Ke3 Ng2+ 37. Kf3 d4+ 38. Kf2 Nxf4 39. h3 Nd3+ 40. Ke2 Nxc5 41. Bd6 Ne6 42. Kd3 Be4+ 43. Kd2 Bg2 44. h4 Ke4 45. Be7 Nf4 0-1